 Dungeon Crawl Stone Soup version 0.17-a0-18-gc25b939 (webtiles) character file.

111 JacquesDerrida the Caller (level 4, -21/33 HPs)
             Began as a Merfolk Summoner on Mar 7, 2015.
             Demolished by Menkaure (23 damage)
             ... on level 4 of the Dungeon.
             The game lasted 00:09:16 (1209 turns).

JacquesDerrida the Caller (Merfolk Summoner)        Turns: 1209, Time: 00:09:16

Health: -21/33     AC:  6    Str:  8    XL:     4   Next: 92%
Magic:  0/7        EV: 13    Int: 15    God:
Gold:   185        SH:  0    Dex: 14    Spells: 3 memorised, 1 level left

rFire  . . .     SeeInvis +     f - +0 hunting sling
rCold  . . .     Clarity  .     q - +2 robe {Archmagi}
rNeg   . . .     SustAb   .     (no shield)
rPois  .         Gourm    .     (no helmet)
rElec  .         Spirit   .     (no cloak)
rCorr  +         Warding  .     (no gloves)
rMut   .         Stasis   .     (no boots)
MR     .....                    m - amulet of resist corrosion
Stlth  ++........               (no ring)
                                j - ring of see invisible

@: not resistant to hostile enchantments, unstealthy
A: change form in water, swift swim, thin metallic scales 1, sense surroundings
1, robust 1
a: no special abilities


You were on level 4 of the Dungeon.
You were very hungry.

You visited 1 branch of the dungeon, and saw 5 of its levels.

You collected 185 gold pieces.

Inventory:

Hand weapons
 f - a +0 hunting sling (weapon)
Missiles
 h - 56 stones (quivered)
Armour
 a - a +1 robe
 d - the cursed +0 ring mail of Chuynwamm {MR+ MP+9 SInv, unknown}
   (You found it on level 5 of the Dungeon)

   It affects your resistance to hostile enchantments.
   It affects your magic capacity (+9).
   It enhances your eyesight.
   It has a curse placed upon it.
 i - a +0 leather armour
 q - a +2 robe of the Archmagi (worn)
Jewellery
 j - a ring of see invisible (left hand)
 m - an amulet of resist corrosion (around neck)
Potions
 e - a potion of cure mutation
 g - a potion of flight
Books
 b - a book of Callings

   Spells                             Type                      Level
   a - Summon Small Mammal            Summoning                    1
   b - Call Imp                       Summoning                    2
   c - Call Canine Familiar           Summoning                    3
   d - Summon Guardian Golem          Hexes/Summoning              4
   e - Summon Lightning Spire         Summoning/Air                4
   f - Summon Ice Beast               Ice/Summoning                4
 p - a book of Geomancy

   Spells                             Type                      Level
   a - Sandblast                      Earth                        1
   b - Stoneskin                      Transmutation/Earth          2
   c - Passwall                       Transmutation/Earth          3
   d - Stone Arrow                    Conjuration/Earth            3
   e - Petrify                        Transmutation/Earth          4
   f - Lee's Rapid Deconstruction     Earth                        5
Comestibles
 c - 3 bread rations
 k - 2 beef jerkies
 r - 3 fruits


   Skills:
 - Level 2.6 Dodging
 - Level 2.1 Stealth
 - Level 2.0 Spellcasting
 + Level 6.1 Summonings


You had one spell level left.
You knew the following spells:

 Your Spells              Type           Power        Failure   Level  Hunger
a - Summon Small Mammal   Summ           ####         1%          1    #......
b - Call Imp              Summ           ####....     2%          2    ###....
c - Call Canine Familiar  Summ           ####....     6%          3    ###....


Dungeon Overview and Level Annotations

Branches:
Dungeon (5/15)
 Temple: D:4-7

Altars:
The Shining One

Annotations:
D:3 Sigmund
D:4 Grinder, Menkaure


Innate Abilities, Weirdness & Mutations

You revert to your normal form in water.
You are very nimble and swift while swimming.
You are partially covered in thin metallic scales (AC +2).
You passively map a small area around you.
You are robust (+10% HP).


Message History

Your crimson imp hits Menkaure.
Unknown command.
Firing (i - inventory):
h - 58 stones (quivered)
Press: ? - help, Shift-Dir - straight line, f/p - Menkaure
Aim: Menkaure (severely damaged, fast)
You shoot a stone. The stone hits Menkaure.
Menkaure is almost destroyed.
Menkaure calls on the powers of darkness!
Your body is wracked with pain!
* * * LOW HITPOINT WARNING * * *
Your crimson imp hits Menkaure.
Menkaure gestures at you while chanting.
Pain shoots through your body!
* * * LOW HITPOINT WARNING * * *
Firing (i - inventory):
h - 57 stones (quivered)
Press: ? - help, Shift-Dir - straight line, f/p - Menkaure
Aim: Menkaure (almost destroyed, fast)
You shoot a stone. The stone barely misses Menkaure.
Menkaure hits you!!
Ouch! That really hurt!
You die...

,
##...........(..........
,
........................
*
........................
.........................
.........................
,
............##...........
,
.............###.........
..........#..............
(......M@##...####.(.....
.......5.##.### ##......
,....(......# ##.....
....(......# #.....
(..........# #.#...
........... * #.###. ,
.###...#... #.# ## ,
##..### , ##.# , , , ##.
#.###..#


You could see Menkaure and a friendly crimson imp.

Vanquished Creatures
  An adder (D:2)
  2 bats (D:2)
  3 giant cockroaches
  4 goblins
  3 hobgoblins
  A giant gecko (D:2)
  A rat (D:4)
15 creatures vanquished.

Vanquished Creatures (collateral kills)
  Blork the orc (D:4)
  A hound (D:4)
  A worker ant (D:4)
  2 adders
  An ooze (D:2)
  A hobgoblin (D:4)
  3 bats
  A giant newt (D:1)
  A rat (D:1)
12 creatures vanquished.

Vanquished Creatures (others)
  An iron imp (D:3)
  2 hounds (D:4)
  2 white imps
  A quokka (D:1)
  2 bats
  2 rats (D:1)
10 creatures vanquished.

Grand Total: 37 creatures vanquished

Notes
Turn   | Place    | Note
--------------------------------------------------------------
     0 | D:1      | JacquesDerrida, the Merfolk Summoner, began the quest for the Orb.
     0 | D:1      | Reached XP level 1. HP: 13/13 MP: 3/3
   317 | D:2      | Reached XP level 2. HP: 14/19 MP: 4/4
   428 | D:2      | Learned a level 2 spell: Call Imp
   579 | D:2      | Reached XP level 3. HP: 12/24 MP: 3/6
   637 | D:3      | Noticed Sigmund
   703 | D:3      | Reached skill level 5 in Summonings
   840 | D:4      | Found a glowing golden altar of the Shining One.
   886 | D:4      | Reached XP level 4. HP: 27/30 MP: 2/7
   893 | D:4      | Learned a level 3 spell: Call Canine Familiar
   931 | D:4      | Noticed Grinder
   963 | D:5      | Entered Level 5 of the Dungeon
   998 | D:5      | Got a pitted ring mail
  1074 | D:4      | Noticed Blork the orc
  1083 | D:4      | Killed Blork the orc
  1083 | D:4      | Reached skill level 6 in Summonings
  1183 | D:4      | Noticed Menkaure
  1205 | D:4      | Gained mutation: You are robust (+10% HP). [potion of mutation]
  1205 | D:4      | Gained mutation: You are partially covered in thin metallic scales (AC +2). [potion of mutation]
  1205 | D:4      | Gained mutation: You passively map a small area around you. [potion of mutation]
  1209 | D:4      | Demolished by Menkaure

Action                   |  1- 3 |  4- 6 || total
-------------------------+-------+-------++-------
Melee: Unarmed           |     4 |       ||     4
 Fire: Hunting sling     |    59 |     9 ||    68
 Cast: Summon Small Mamm |    18 |       ||    18
       Call Imp          |    12 |     8 ||    20
       Call Canine Famil |       |     2 ||     2
  Use: Scroll            |       |     6 ||     6
       Potion            |       |     2 ||     2
 Stab: Distracted        |     1 |       ||     1
  Eat: Chunk             |     1 |     1 ||     2
